 Dungeon Crawl Stone Soup version 0.29-a0-520-gc852659d43 (webtiles) character file.

Game seed: 14249057252006186465

180 hquester1 the Agent of Entropy (level 5, -3/42 HPs)
             Began as a Demonspawn Abyssal Knight on May 31, 2022.
             Was a Priest of Lugonu.
             Slain by an ogre
             ... wielding a +0 giant club
              (9 damage)
             ... on level 4 of the Dungeon.
             The game lasted 00:08:07 (3272 turns).

hquester1 the Agent of Entropy (DsAK)               Turns: 3272, Time: 00:08:07

Health: -3/42      AC: 11    Str: 13    XL:     5   Next: 33%
Magic:  7/7        EV:  9    Int: 13    God:    Lugonu [***...]
Gold:   159        SH:  0    Dex: 14    Spells: 4/4 levels left

rFire   . . .      SeeInvis .   a - +1 mace
rCold   . . .      Faith    .   (no shield)
rNeg    . . .      Spirit   .   d - +0 scale mail
rPois   .          Reflect  .   (helmet restricted)
rElec   .          Harm     .   f - +0 cloak
rCorr   .          Rampage  .   (no gloves)
Will    ++...                   (no boots)
Stlth   ..........              (no amulet)
HPRegen 0.14/turn               n - +4 ring of protection
MPRegen 0.10/turn               (no ring)

@: no status effects
A: antennae 1, demonic magic 1, weakness stinger 1, strong-willed 2
a: Renounce Religion, Depart the Abyss, Bend Space, Banish


You were on level 4 of the Dungeon.
You worshipped Lugonu.
Lugonu was most pleased with you.
You visited 1 branch of the dungeon, and saw 4 of its levels.
You visited the Abyss 1 time.

You collected 159 gold pieces.

Inventory:

Hand Weapons
 a - a +1 mace (weapon)
Armour
 d - a +0 scale mail (worn)
 f - a +0 cloak (worn)
 s - a +0 chain mail
Jewellery
 n - a +4 ring of protection (left hand)
Wands
 b - a wand of iceblast (4)
Scrolls
 c - a scroll of immolation {unknown}
 e - a scroll of blinking {unknown}
 g - a scroll of fog {unknown}
 h - 2 scrolls of fear
 i - 2 scrolls of teleportation {unknown}
 j - a scroll of enchant weapon {unknown}
 m - a scroll of poison {unknown}
 o - 2 scrolls of magic mapping {unknown}
 v - a scroll of torment {unknown}
Potions
 k - a potion of mutation
 p - 2 potions of haste
 q - 3 potions of curing
 r - a potion of brilliance {unknown}
 t - a potion of might {unknown}
 u - a potion of attraction {unknown}


   Skills:
 + Level 3.8 Fighting
 + Level 2.7 Maces & Flails
 + Level 2.7 Armour
 + Level 2.2 Dodging
 + Level 3.9 Invocations


You had 4 spell levels left.
You didn't know any spells.
Your spell library contained the following spells:

 Spells                   Type           Power      Damage    Failure   Level
 Conjure Flame            Conj/Fire      0%         6-21      99%         3
 Ignite Poison            Fire/Tmut/Pois 0%         N/A       99%         3
 Sticky Flame             Conj/Fire      0%         2d3       100%        4


Dungeon Overview and Level Annotations

Branches:
Dungeon (4/15)             Temple (0/1) D:4

Altars:
Qazlal

Shops:
D:2 [

Annotations:
D:3 1 runed translucent door, Crazy Yiuf


Innate Abilities, Weirdness & Mutations

You have a pair of small antennae on your head.
Spells you cast may paralyse adjacent enemies.
You have a small tail.
You are highly strong-willed. (Will++)


Message History

Lugonu accepts your kill.
Things that are here:
a +0 dagger; a goblin corpse
Found a whip.
Found 10 gold pieces.
You now have 159 gold pieces (gained 10).
You see here a +0 whip.
As you open the door, it creaks loudly!
A goblin comes into view. It is wielding a +0 dagger.
There is an open door here.
The goblin hits you but does no damage.
You thump the goblin!
You kill the goblin!
Lugonu accepts your kill.
Found a scroll labelled ODGHAI PAZXE.
You see here a +0 dagger.
You sense a monster nearby.
o - 2 scrolls labelled ODGHAI PAZXE (gained 1)
You open the door.
There is an open door here.
An ogre comes into view. It is wielding a +0 giant club.
The ogre shouts!
A goblin comes into view. It is wielding a +0 club.
You hit the ogre.
The ogre is moderately wounded.
The ogre barely misses you.
You hit the ogre.
Your tail-slap misses the ogre.
The ogre is moderately wounded.
The ogre hits you with a +0 giant club!
You hit the ogre but do no damage.
The ogre is moderately wounded.
The ogre hits you with a +0 giant club!!
You hit the ogre. You tail-slap the ogre.
The ogre is heavily wounded.
The ogre hits you with a +0 giant club!
* * * LOW HITPOINT WARNING * * *
You hit the ogre.
The ogre is severely wounded.
The ogre hits you with a +0 giant club!
You die...

#....## ##..##
#.## #.#
####.####
#.......#
#.##.##.# . #
#.##.######....
#......@Og.#
####.#####.....
#.# ##. #.# ..#
###


You could see an ogre and a goblin.

Vanquished Creatures
  A phantom (D:3)
  2 adders (D:2)
  5 worms (D:2)
  A dart slug (D:2)
  4 orcs (D:3)
  7 ball pythons
  6 endoplasms
  2 giant cockroaches
  6 goblins
  4 hobgoblins (D:2)
  5 jackals
  5 kobolds
  2 quokkas
  7 bats
  4 frilled lizards
  3 rats
64 creatures vanquished.

Notes
Turn   | Place    | Note
-------+----------+-------------------------------------------
     0 | Abyss:1  | hquester1 the Demonspawn Abyssal Knight began the quest for
                  | the Orb.
     0 | Abyss:1  | Reached XP level 1. HP: 18/18 MP: 2/2
    25 | D:1      | Escaped the Abyss
    64 | D:1      | Reached skill level 1 in Dodging
   206 | D:1      | Found a faded altar of an unknown god.
   323 | D:1      | Gained mutation: Spells you cast may paralyse adjacent
                  | enemies. [demonic ancestry]
   323 | D:1      | Reached XP level 2. HP: 18/24 MP: 4/4
  1044 | D:2      | Reached XP level 3. HP: 29/29 MP: 5/5
  1118 | D:2      | Reached *** piety under Lugonu
  1550 | D:2      | Found Ceronuri's Antique Armour Shoppe.
  1565 | D:2      | Discovered your monstrous ancestry.
  1565 | D:2      | Gained mutation: You have a pair of small antennae on your
                  | head. [demonic ancestry]
  1565 | D:2      | Reached XP level 4. HP: 24/35 MP: 6/6
  2167 | D:3      | Found a stormy altar of Qazlal.
  2434 | D:3      | Noticed a phantom
  2464 | D:3      | Killed a phantom
  2465 | D:3      | Gained mutation: You have a small tail. [demonic ancestry]
  2465 | D:3      | Reached XP level 5. HP: 14/42 MP: 7/7
  2676 | D:3      | Gained mutation: You are strong-willed. (Will+) [potion of
                  | mutation]
  2676 | D:3      | Gained mutation: You are highly strong-willed. (Will++)
                  | [potion of mutation]
  3009 | D:3      | Found a runed translucent door.
  3010 | D:3      | Noticed Crazy Yiuf
  3177 | D:4      | Found a staircase to the Ecumenical Temple.
  3264 | D:4      | Noticed an ogre
  3272 | D:4      | Slain by an ogre

Illustrated notes

Levels and vault maps discovered:
D:1:      amcnicky_arrival_flooded_fountain, layout_loops_ring,
          shapermc_ecumenical_altar_totnotflames
D:2:      layout_basic, serial_shops, shop_fountains
D:3:      layout_loops_ring, mainiacjoe_overflow_alcove_4,
          uniq_crazy_yiuf_cottage
D:4:      layout_loops_corners, mainiacjoe_overflow_swirl,
          minmay_temple_entry_mini_moons, minmay_misc_feat_square,
          minmay_misc_feat_doors

Skill      XL: |  1  2  3  4 |
---------------+-------------+-----
Dodging        | 1 2 |  2.2
Maces & Flails | 2 |  2.7
Armour         | 2 |  2.7
Invocations    | 3 |  3.9
Fighting       | |  3.8

Action                   |  1- 3 |  4- 6 || total
-------------------------+-------+-------++-------
Melee: Mace              |   112 |    99 ||   211
       Punch             |     3 |     1 ||     4
       Tailslap          |       |     5 ||     5
  Use: Scroll            |       |     5 ||     5
       Potion            |       |     1 ||     1
Armor: Scale mail        |    64 |    50 ||   114
       Leather armour    |     2 |       ||     2
Dodge: Dodged            |    48 |    38 ||    86

Table legend: (Time is in decaauts)
 A = Elapsed time spent in this place.
 B = Non-inter-level travel time spent in this place.
 C = Inter-level travel time spent in this place.
 D = Time resting spent in this place.
 E = Time spent auto-exploring this place.
 F = Levels seen in this place.
 G = Mean time per level.
                   A        B        C        D        E       F      G
               +--------+--------+--------+--------+--------+-----+--------+
         Total |   3331 |   3254 |     77 |    262 |   2303 |   5 |  666.2 |
       Dungeon |   3306 |   3229 |     77 |    262 |   2283 |   4 |  826.5 |
         Abyss |     25 |     25 |      0 |      0 |     20 |   1 |   25.0 |
               +--------+--------+--------+--------+--------+-----+--------+

Top non-repeatable levels by time:
     D:2: 1138 daAuts
     D:3: 1018 daAuts
     D:1: 985 daAuts
     D:4: 163 daAuts
 Abyss:1: 25 daAuts
